Map: Acropolis LE

Players

Mez

  • Race: Terran Terran
  • League: Master
  • Spawn Location: 5:00

Neitos - Winner!

  • Race: Zerg Zerg
  • League: Master
  • Spawn Location: 11:00

VOD

Have the link to the VOD?

Description

Time

  • Played on: Sept. 2, 2019, 4:55 a.m.
  • Length: 21:41
Show
View Real Time Build Order
Export as new Build Order

Mez Terran 

Build Orders: Reaper Expand 

Get SALT Encoding   

  12  0:00  SCV  
  13  0:12  SCV  
  14  0:17  Supply Depot  
  14  0:25  SCV  
  15  0:38  SCV  
  15  0:40  Barracks  
  16  0:44  Refinery  
  16  0:50  SCV  
  17  1:02  SCV  
  18  1:14  SCV  
  19  1:28  Orbital Command, Reaper  
  20  1:39  Command Center  
  20  1:48  Supply Depot  
  20  1:54  SCV  
  21  2:00  Marine  
  22  2:09  SCV  
  22  2:12  Factory  
  22  2:22  Barracks Reactor  
  21  2:44  SCV  
  22  2:52  Orbital Command  
  22  2:59  Starport  
  22  3:04  Hellion  
  22  3:05  Hellion  
  26  3:07  SCV  
  26  3:09  Barracks Tech Lab  
  26  3:11  Supply Depot, Refinery  
  27  3:23  Command Center  
  27  3:25  SCV x2  
  29  3:33  Marine  
  32  3:37  SCV  
  32  3:45  Starport Tech Lab  
  32  3:47  SCV  
  31  3:49  SCV  
  32  3:59  SCV  
  32  4:01  Siege Tank  
  36  4:05  Marine x2  
  36  4:07  SCV  
  39  4:11  SCV  
  39  4:15  Bunker  
  39  4:16  Banshee  
  43  4:19  SCV  
  43  4:20  Refinery  
  43  4:22  Marine  
  43  4:23  Marine  
  46  4:25  Supply Depot  
  46  4:28  SCV  
  47  4:31  SCV  
  48  4:40  Supply Depot, SCV, Orbital Command  
  48  4:44  Siege Tank  
  48  4:45  Marine x2  
  54  4:53  SCV x2  
  54  4:58  Supply Depot  
  56  5:03  Banshee  
  56  5:05  SCV x2  
  56  5:06  SCV  
  62  5:08  Marine  
  62  5:09  Marine  
  64  5:17  SCV  
  64  5:18  SCV x2  
  67  5:22  Siege Tank  
  70  5:29  SCV  
  70  5:30  SCV  
  74  5:35  Refinery  
  72  5:53  Barracks x2  
  72  5:54  Starport Reactor  
  72  5:55  Barracks  
  72  5:57  Barracks  
  69  6:09  Marine  
  69  6:10  Stimpack  
  70  6:13  Siege Tank  
  70  6:15  SCV x2, Orbital Command  
  70  6:16  Engineering Bay  
  70  6:17  Engineering Bay  
  75  6:27  SCV  
  75  6:29  Marine, Supply Depot  
  75  6:30  Supply Depot  
  75  6:32  Supply Depot  
  77  6:36  SCV  
  77  6:39  SCV  
  79  6:40  SCV  
  79  6:41  Starport Reactor  
  79  6:43  Barracks Reactor x3  
  79  6:46  Siege Tank  
  83  6:48  SCV, Terran Infantry Armor Level 1, Terran Infantry Weapons Level 1  
  83  6:50  Marine x3  
  83  6:51  Marine x2, SCV  
  83  6:54  SCV  
  91  7:00  SCV  
  92  7:03  SCV  
  92  7:04  Supply Depot  
  92  7:05  Supply Depot  
  92  7:07  SCV  
  92  7:08  Marine x3  
  97  7:12  SCV  
  97  7:15  Marine x2  
  100  7:18  Medivac x2  
  100  7:22  Armory  
  104  7:23  SCV x2  
  104  7:24  Command Center  
  104  7:25  Marine, SCV  
  104  7:26  Marine  
  109  7:32  Siege Tank  
  109  7:35  SCV  
  113  7:39  Marine x7  
  120  7:47  SCV x2  
  120  7:48  SCV, Refinery  
  120  7:49  Refinery  
  120  7:50  Supply Depot  
  123  7:51  Supply Depot  
  123  7:55  Medivac x2  
  123  7:56  Factory  
  127  7:59  Marine x4, SCV x2  
  133  8:11  Marine x2  
  133  8:12  SCV x3  
  138  8:14  Marine  
  138  8:15  Marine x2  
  138  8:19  Marine x3  
  143  8:20  Marine  
  143  8:21  Siege Tank  
  143  8:24  Terran Vehicle Weapons Level 1  
  144  8:29  Marine x2  
  144  8:32  Marine  
  144  8:33  Marine  
  148  8:43  Marine  
  148  8:44  Marine x4  
  148  8:45  Factory Tech Lab  
  148  8:46  Medivac x2  
  148  8:47  Marine  
  158  8:51  Barracks  
  158  8:53  Siege Tank, Barracks  
  158  8:54  Barracks  
  161  9:04  Refinery  
  161  9:05  Refinery  
  161  9:06  Supply Depot  
  161  9:08  Supply Depot x2  
  161  9:09  Supply Depot  
  161  9:11  Liberator x2  
  161  9:17  Marine x3  
  161  9:18  Marine  
  169  9:32  Siege Tank x2  
  169  9:34  Starport  
  169  9:35  Starport  
  175  9:42  Barracks Tech Lab x2  
  175  9:43  Barracks Tech Lab  
  175  9:54  Liberator x2  
  163  10:11  Marauder x2  
  163  10:13  Marine  
  163  10:14  Marauder x2  
  145  10:25  Marine x5  
  145  10:26  Marine x2  
  126  10:31  Marine  
  126  10:32  Marauder  
  126  10:33  Marauder  
  126  10:35  Marine, Marauder  
  108  10:36  Liberator  
  108  10:37  Liberator  
  98  10:43  Marine x6  
  98  10:49  SCV x2  
  108  10:53  Marauder  
  108  10:54  Marauder x2  
  108  10:57  Marauder  
  116  10:59  Planetary Fortress  
  110  11:08  Medivac  
  110  11:09  Medivac  
  104  11:23  Marine, Marauder x4  
  109  11:43  SCV x3  
  108  11:55  SCV  
  108  11:59  Command Center  
  109  12:16  Liberator x2  
  109  12:24  Marine  
  109  12:25  Marine x3, Marauder  
  109  12:29  Marine  
  109  12:30  Marine, SCV x2  
  109  12:32  Marauder  
  109  12:35  Marauder x2  
  105  12:41  Marine  
  105  12:42  SCV  
  97  12:47  Marine x2, Marauder  
  97  12:50  SCV x2  
  101  12:51  Marine  
  101  12:52  Marine x3  
  101  12:54  SCV, Marauder, Concussive Shells  
  101  12:55  Combat Shield  
  101  12:57  Terran Infantry Weapons Level 2  
  101  12:58  Liberator x2, Ghost Academy  
  108  13:06  Marauder  
  108  13:10  SCV  
  108  13:11  Marauder  
  111  13:13  Orbital Command  
  123  13:34  Ghost x2  
  123  13:35  Ghost  
  123  13:42  Refinery  
  123  13:43  Refinery  
  123  13:45  SCV  
  124  13:58  Terran Infantry Armor Level 2  
  124  14:12  Personal Cloaking  
  124  14:24  Marine x3  
  124  14:30  SCV, Marauder  
  124  14:39  Marine, SCV  
  124  14:40  Marine  
  124  14:42  SCV  
  124  14:44  Marine x2  
  124  14:45  SCV  
  124  15:04  Marine, Marauder  
  124  15:05  SCV  
  124  15:06  Viking  
  124  15:08  Marine  
  124  15:10  Viking  
  124  15:12  Marine, SCV, Viking  
  124  15:13  Marauder x2  
  124  15:30  Command Center  
  124  15:32  Command Center  
  124  15:37  Supply Depot x2  
  124  15:38  Supply Depot  
  124  15:39  Supply Depot  
  124  15:40  Supply Depot  
  124  15:41  Terran Infantry Weapons Level 3  
  124  15:52  SCV  
  124  15:53  Marine  
  124  15:54  Marine  
  124  15:59  Viking x4  
  129  16:10  Marine  
  129  16:11  Marine x8  
  105  16:28  Viking x2  
  105  16:29  Medivac, Viking  
  109  16:41  Liberator x2  
  109  16:58  Medivac x2  
  107  17:36  Orbital Command  
  107  17:41  Medivac x2  
  111  17:52  Ghost Academy  
  111  17:57  Factory  
  111  18:13  Planetary Fortress  
  111  18:14  Marine  
  111  18:15  Marine x6  
  111  18:18  Liberator x2  
  91  18:54  Marine x6  
  84  18:56  Liberator x2  
  84  19:02  Marauder x2  
  88  19:03  Marauder  
  88  19:06  Nuke  
  88  19:14  Marine x4  
  98  19:24  Orbital Command  
  88  19:54  Marine x3  
  88  19:55  Marauder x2  
  81  20:16  Marauder  
  81  20:20  Marine x4  
  84  20:21  SCV  
  84  20:22  SCV  
  84  20:25  Command Center  
  86  20:34  SCV  
  87  20:37  Marine  
Show
View Real Time Build Order
Export as new Build Order

Neitos Zerg - Winner!

Build Orders: Pool First, Brood Lord Corruptor 

Get SALT Encoding   

  12  0:00  Drone  
  13  0:13  Overlord  
  13  0:16  Drone  
  14  0:31  Drone x2  
  14  0:35  Drone  
  17  0:46  Spawning Pool  
  17  0:48  Drone  
  17  1:08  Hatchery  
  16  1:11  Drone  
  19  1:32  Zergling x6  
  19  1:33  Queen  
  22  1:43  Overlord  
  22  1:50  Extractor  
  21  1:54  Drone  
  22  2:05  Drone  
  23  2:08  Queen  
  25  2:17  Drone  
  25  2:22  Drone  
  26  2:29  Drone  
  26  2:41  Drone x5  
  30  2:44  Queen  
  30  2:45  Overlord  
  32  2:52  Drone  
  33  3:00  Roach Warren  
  33  3:03  Drone x3  
  35  3:18  Drone  
  35  3:19  Drone x4  
  40  3:23  Extractor  
  40  3:24  Extractor  
  40  3:26  Overlord, Lair  
  38  3:41  Roach x3  
  44  4:00  Drone x8  
  52  4:12  Hatchery  
  52  4:16  Overlord  
  51  4:23  Extractor  
  51  4:24  Drone x2  
  52  4:26  Infestation Pit  
  52  4:27  Drone  
  52  4:45  Drone x2  
  53  4:46  Drone x5  
  59  4:54  Overlord x2  
  59  5:10  Drone  
  59  5:12  Overlord  
  59  5:13  Pathogen Glands  
  60  5:14  Hive  
  60  5:15  Drone x4  
  60  5:16  Drone  
  60  5:20  Extractor  
  64  5:22  Pneumatized Carapace, Extractor  
  63  5:33  Overseer  
  63  5:36  Spore Crawler  
  63  5:40  Spore Crawler  
  61  5:47  Spore Crawler, Drone  
  61  5:48  Drone x3  
  61  5:49  Drone x2  
  66  5:54  Drone  
  66  5:55  Drone x6  
  73  6:03  Overlord  
  73  6:07  Infestor x3  
  79  6:20  Roach  
  79  6:21  Overlord, Roach x4  
  89  6:34  Hatchery  
  89  6:36  Ultralisk Cavern  
  87  6:40  Evolution Chamber  
  87  6:41  Drone x2, Evolution Chamber  
  87  6:42  Drone x2  
  89  6:49  Overlord x3  
  89  6:57  Overlord  
  89  6:59  Overlord  
  89  7:00  Overlord  
  89  7:12  Overlord  
  89  7:16  Zerg Ground Armor Level 1, Zerg Melee Weapons Level 1  
  89  7:35  Drone x6  
  89  7:36  Drone x10  
  105  7:39  Chitinous Plating  
  105  7:48  Ultralisk x3  
  123  7:52  Ultralisk  
  129  8:09  Ultralisk x2  
  129  8:12  Ultralisk  
  147  8:34  Ultralisk, Extractor  
  147  8:35  Ultralisk  
  158  8:42  Spore Crawler x2  
  158  8:43  Spine Crawler  
  158  8:48  Overlord, Ultralisk  
  161  8:49  Overlord x2  
  161  8:57  Anabolic Synthesis  
  161  9:01  Overlord  
  161  9:10  Hatchery  
  161  9:11  Ultralisk x2  
  172  9:21  Drone  
  172  9:22  Drone x2  
  175  9:25  Extractor  
  175  9:26  Queen  
  175  9:27  Drone x3  
  179  9:44  Overlord x2, Spire  
  179  9:45  Overlord  
  178  9:46  Zerg Melee Weapons Level 2, Zerg Ground Armor Level 2  
  158  10:33  Ultralisk x2  
  158  10:34  Ultralisk  
  156  10:48  Drone x3  
  148  10:50  Queen x2  
  146  11:08  Greater Spire  
  122  11:30  Corruptor  
  122  11:31  Corruptor x11  
  144  11:45  Ultralisk  
  144  11:46  Ultralisk  
  154  11:48  Drone x7  
  154  11:49  Drone x3  
  154  11:50  Drone  
  163  12:04  Ultralisk  
  163  12:05  Ultralisk  
  163  12:07  Ultralisk  
  163  12:08  Corruptor  
  181  12:11  Hatchery  
  181  12:13  Extractor  
  181  12:14  Extractor  
  180  12:16  Overlord  
  162  12:37  Ultralisk x2  
  162  12:39  Drone x3  
  162  12:40  Drone x3  
  174  12:47  Drone  
  174  12:48  Drone x11  
  174  13:24  Hatchery  
  174  13:26  Brood Lord x9  
  191  13:29  Extractor, Hatchery  
  191  13:30  Extractor  
  191  13:32  Spine Crawler  
  191  13:33  Spine Crawler  
  186  13:36  Spore Crawler, Drone x9  
  186  13:40  Zerg Flyer Weapons Level 1  
  186  13:41  Zerg Melee Weapons Level 3  
  194  13:44  Zerg Ground Armor Level 3  
  194  13:48  Metabolic Boost  
  194  13:52  Spine Crawler  
  194  13:53  Spine Crawler  
  194  13:54  Spine Crawler  
  194  13:55  Spore Crawler x2  
  190  13:57  Spore Crawler  
  190  13:58  Spine Crawler  
  190  14:00  Spine Crawler  
  190  14:01  Spore Crawler  
  185  14:05  Drone x3  
  185  14:06  Drone x3  
  185  14:08  Drone x4  
  195  14:18  Corruptor x2  
  195  14:22  Spore Crawler  
  198  14:38  Corruptor x2  
  193  14:45  Infestor  
  193  14:46  Infestor x2  
  193  15:12  Zergling x2  
  193  15:13  Zergling x52  
  200  15:16  Adrenal Glands  
  188  15:41  Ultralisk x2  
  197  15:42  Infestor  
  197  15:44  Infestor  
  197  15:45  Infestor x2  
  197  15:46  Infestor  
  197  15:48  Infestor x2  
  197  15:55  Ultralisk  
  165  16:49  Hatchery  
  165  16:53  Hatchery  
  143  17:04  Corruptor, Hatchery  
  143  17:05  Corruptor x29  
  143  17:08  Hatchery  
  195  17:12  Hatchery  
  195  17:15  Hatchery  
  187  17:16  Hatchery  
  187  17:22  Ultralisk  
  180  17:23  Ultralisk, Infestor  
  180  17:24  Infestor  
  180  17:25  Infestor  
  186  17:39  Ultralisk  
  186  17:40  Ultralisk  
  199  18:11  Extractor  
  199  18:12  Extractor  
  195  18:54  Brood Lord x2  
  187  19:25  Extractor x2  
  181  19:34  Extractor  
  181  19:38  Extractor  
  157  20:15  Brood Lord x3  
  157  20:16  Brood Lord x8  
  157  20:17  Brood Lord x4  
  157  20:18  Brood Lord x7  
  157  20:19  Brood Lord  
  157  20:20  Zergling x6  
Tags
 
Add a new tag
Caveats
  • Supply blocks, unpowered buildings, or Contaminate may cause inaccurate times.
  • Supply counts are checked every 10 seconds.